Workbook

Sheet Control
N2: UNIDAD ADMINISTRATIVA ESPECIAL DE AERONAUTICA CIVIL
N3: DIRECCION DE TELECOMUNICACIONES Y AYUDAS A LA NAVEGACION AEREA
N4: GRUPO ENERGIA Y SISTEMAS ELECTROMECANICOS
N5: LICITACION PUBLICA 190013289 H2 DE 2019
N6: OBJETO: ADQUIRIR, INSTALAR, REMODELACION Y PONER EN SERVICIO SUBESTACION ELECTRICA PARA EL AEROPUERTO EL DORADO
I8: TITULO DOCUMENTO | AB8: Código: | AF8: FDI-001-04
I9: INFORME QUINCENAL CONTROL PROYECTO | AB9: Versión: | AF9: 2
AB10: Fecha de Creación: | AF10: 44012
AB11: Documento: | AF11: 1 de 6
B13: NOMBRE DEL PROYECTO: EL AEROPUERTO EL DORADO
B15: OBJETIVO: ADQUIRIR, INSTALAR, REMODELACIÓN Y PONER EN SERVICIO SUBESTACIÓN ELECTRICA PARA EL AEROPUERTO EL DORADO
B16: PERÍODO DE INFORME: | H16: 16 octubre 2020 - 31 octubre 2020
B17: EMITIDO POR: | F17: ROBERTO NIETO RODRIGUEZ | Z17: CARGO | AB17: Residente de Obra
B18: REVISADO POR: | F18: JUAN CARLOS MANCERA MORENO | Z18: CARGO | AB18: Supervisor Contrato
B19: ESTADÍSTICAS DEL PLANEAMIENTO
B21: Programado/Ejecutado | I21: Actividades | P21: Actividades | Z21: % Avance físico | AF21: Desvío (%)
I22: Total | M22: Críticas | P22: Iniciadas | U22: Finalizadas
B23: GENERAL
B24: Programado | I24: 6 | M24: 1 | P24: 2 | U24: 2 | Z24: 0.55 | AF24: 0
B25: Ejecutado | I25: 6 | M25: 1 | P25: 0 | U25: 2 | Z25: 0.55 | AF25: 0
B27: Actividades Plan de trabajo (PDT) | I27: Quincena Anterior | K27: Quincena actual | P27: Acumulado | Z27: Desviación | AF27: Observaciones
I28: Programado | J28: Ejecutado | K28: Programado | M28: Ejecutado | P28: Programado | U28: Ejecutado
A29: Item | B29: Descripción
A30: 4 | B30: Permisos de ingreso | I30: 0 | J30: 0 | K30: 0 | M30: 0 | P30: 0.92 | U30: 0.92 | Z30: =+P30-U30 -> 0 | AF30: En este periodo se tramitaron permisos de ingreso para una camioneta, un camión pequeño y cuatro personas
A31: 7 | B31: Reconocimiento del aeropuerto | I31: 0 | J31: 0 | K31: 0 | M31: 0 | P31: 0.9 | U31: 0.9 | Z31: =+P31-U31 -> 0 | AF31: Pendiente el ingreso a la subestación D.
A32: 8 | B32: Relación de documentación técnica para entrega y aprobación. Documental 1 | I32: 0 | J32: 0 | K32: 0 | M32: 0 | P32: 1 | U32: 1 | Z32: =+P32-U32 -> 0 | AF32: Se presentó el informe técnico de las subestaciones A, B y Nueva torre. Pendiente el informe técnico de las subestaciones C y D, hasta que se ingrese a las dos subestaciones.
A33: 9 | B33: Informe técnico visita Subestaciones | I33: 0 | J33: 0 | K33: 0 | M33: 0 | P33: 0.8 | U33: 0.8 | Z33: =+P33-U33 -> 0 | AF33: Se presento el informe técnico de subestaciones A, B y Nueva torre. Esta pendiente la verificación de actividades en la subestación C, D, y rutas de acometidas. Se ejecutaran una vez se ingrese a las Subestaciones.
A34: 11 | B34: Instalación de equipos en Ampliación de la subestación A/B | I34: 0 | J34: 0 | K34: 0 | M34: 0 | P34: 1 | U34: 1 | Z34: =+P34-U34 -> 0 | AF34: Se ubicaron las celdas de media tensión en la ampliación de la subestación A/B. Se armaron las celdas para protección de los transformadores de 500kVA
A35: 13 | B35: Confirmación en campo distancias de ductos | I35: 0.1 | J35: 0.1 | K35: 0 | M35: 0 | P35: 1 | U35: 1 | Z35: =+P35-U35 -> 0 | AF35: En espera de realizar las nuevas ducterias para rutas de cables a las subestaciones C y D
B36: Instalación de celdas SF6 subestaciones Nueva Torre | I36: 0.05 | J36: 0.05 | K36: 0.05 | M36: 0.05 | P36: 0.85 | U36: 0.85 | Z36: =+P36-U36 -> 0 | AF36: Continuamos la instalación celdas para media tensión de los transformadores de 300kVA y 350kVA
B37: Acometidas a transformadores subestación Nueva torre | I37: 0 | J37: 0 | K37: 0 | M37: 0 | P37: 0.95 | U37: 0.95 | Z37: =+P37-U37 -> 0 | AF37: Instalación de acometidas de baja y media tensión en la subestación Nueva Torre
B38: Control de llenado tanques combustible | I38: 0 | J38: 0 | K38: 0.5 | M38: 0.5 | P38: 0.5 | U38: 0.5 | Z38: =+P38-U38 -> 0 | AF38: Verificado funcionamiento, pendiente adjuntar diagramas y planos de conexionado
B39: Aterrizar bandejas en plantas subestación A, B | I39: 0 | J39: 0 | K39: 0 | M39: 0 | P39: 0.9 | U39: 0.9 | Z39: =+P39-U39 -> 0 | AF39: Se aterrizo toda la bandeja para acometidas desde las plantas a los cárcamos
A40: 15 | B40: Instalar Tebledros y celdas | I40: 0.1 | J40: 0.1 | K40: 0.1 | M40: 0.1 | P40: 0.75 | U40: 0.75 | Z40: =+P40-U40 -> 0 | AF40: Se termino la instlación de celdas en donde se tiene la subestación Nueva torre
A41: 15 | B41: Disposición de espacios para tableros | I41: 0 | J41: 0 | K41: 0 | M41: 0 | P41: 1 | U41: 1 | Z41: =+P41-U41 -> 0 | AF41: Se están instalado los equipos de acuerdo a la disposición de tableros aprobada, por parte de los supervisores de la Aeronáutica
A42: 16 | B42: Traslado de transformador 500kVA Subestación A | I42: 0 | J42: 0 | K42: 0.1 | M42: 0.1 | P42: 0.1 | U42: 0.1 | Z42: =+P42-U42 -> 0 | AF42: Se inicia el traslado de equipos de media tensión, desde la subestación A hacia la ampliación de subestaciones A y B
B44: Descripción de las actividades del desvío
B45: ID | D45: Actividad | P45: % Avance Programado | U45: 1 | Z45: Fin Planeado
B46: 3 | D46: Reconocimiento y replanteo de Actividades a ejecutar | P46: % Avance ejecutado | U46: 0.95 | Z46: Fin Previsto | AD46: 44150
B47: Situación Presentada | M47: Causa | U47: Acción | AB47: Compromiso | AG47: Responsable
B48: Faltan ductos para tendido de cables | M48: las ducterias existentes son insuficientes para las acometidas a realizar | U48: realizar nuevos ductos | AB48: 44150
B52: ID | D52: Actividad | P52: % Avance Programado | Z52: Fin Planeado
P53: % Avance ejecutado | Z53: Fin Previsto
B54: Situación Presentada | M54: Causa | U54: Acción | AB54: Compromiso | AG54: Responsable
B60: Ruta Crítica
B61: Actividad | M61: Fecha programada | S61: Avance programado | Z61: Fecha pronostico | AF61: Avance ejecutado
B65: Definir la construcción de ducterías y cajas | M65: 44150 | S65: 0.25 | Z65: 44150 | AF65: 0.15
B69: Descripción del avance realizado
B70: 1. PLANEAMIENTO:
B71: . - Se programa instalación de transformadores en la Subestación A, B,
B75: 2. SEGURIDAD , SALUD Y MEDIO AMBIENTE:
B76: Se capacitara a los brigadistas del proyecto para conocer la metodologia en tema de accidentes laborales. Se realiza evaluaciones de conocimientos en la segunda semana sobre riesgo eléctrico. Se realiza socialización y diligenciamiento de análisis de trabajo seguro semanalmente. Se realizan charlas pre operacionales diarias sobre temas de prevención en seguridad y salud en el trabajo, calidad, y medio ambiente, también se realizan charlas sobre medidas de prevención en el estado de emergencia. Se realizan controles de temperatura y sintomatología a los asistentes del proyecto de manera diaria al inicio y al termino del turno laboral. Se realiza seguimiento del consumo de combustible en el proyecto, para el calculo de la huella ambiental de la compañía. Se realizan inspecciones planeadas para el periodo en el programa de inspecciones. Se realiza la actualización del archivo "plan de trabajo anual" para el seguimiento de la gestión integral en el proyecto. Se realiza actualización de la matriz de aspectos e impactos ambientales en el proyecto. Se realizara seguimiento a las campañas establecidas en el proyecto cuidado de manos y prevención ante el COVID-19. Se realizaron las pruebas de covid-19 antígeno al personal del proyecto, los resultados se conoceran en dos días aproximadamente.
B81: 3. SUMINISTROS INTERNOS (SUBCONTRATISTAS)
B82: . - A la fecha no aplican
B86: HISTOGRAMA DE MANO DE OBRA
B87: horas Hombre Indirectas
B88: Programado Total | H88: Programado Quincenal | N88: Ejecutado Quincenal | T88: Ejecutado Acumulado | Z88: Desviación | AF88: Tipo | AI88: No. de Personas
B89: Cantidad | E89: % | H89: Cantidad | K89: % | N89: Cantidad | Q89: % | T89: Cantidad | W89: % | Z89: Cantidad | AC89: % | AF89: Directo | AI89: 4
B90: 5030.4 | E90: 100 | H90: =+horas_Hombre!V11 -> 180 | K90: =+H90/B90 -> 0.035782443 | N90: 180 | Q90: =+N90/B90 -> 0.035782443 | T90: =2164+180+192+192+180 -> 2908 | W90: =+T90/B90 -> 0.57808524 | Z90: =+H90-N90 -> 0 | AC90: =+K90-Q90 -> 0 | AF90: Indirecto | AI90: 3
AF91: TOTAL | AI91: =SUM(AI89:AK90) -> 7
B92: Horas Hombre Directas
B93: Programado Total | H93: Ejecutado Acumulado | N93: Restante | T93: Programado Quincenal | Z93: Ejecutado Quincenal | AF93: Desviación
B94: Cantidad | E94: % | H94: Cantidad | K94: % | N94: Cantidad | Q94: % | T94: Cantidad | W94: % | Z94: Cantidad | AC94: % | AF94: Cantidad | AI94: %
B95: 12288 | E95: 100 | H95: =+horas_Hombre!AA12 -> 1999 | K95: =+H95/B95 -> 0.16267904 | N95: =+B95-H95 -> 10289 | Q95: =+N95/B95 -> 0.83732096 | T95: =+horas_Hombre!V12 -> 210 | W95: =+T95/B95 -> 0.017089844 | Z95: =+T95 -> 210 | AC95: =+Z95/B95 -> 0.017089844 | AF95: =+T95-Z95 -> 0 | AI95: =+AF95/B95 -> 0
B97: PERSONAL ACTUAL | G97: Personal Indirecto: 1 Administrador + 1 Director + 1 Residente + 1 Hseq & Personal Directo: 3 operarios
B98: TIPO | D98: No PERSONAS
B99: Directo | D99: =+AI89 -> 4
B100: Indirecto | D100: =+AI90 -> 3
B101: TOTAL | D101: =SUM(D99:F100) -> 7
B102: REGISTRO HORAS HOMBRES INACTIVAS
B103: Horas Hombre Inactivas
B104: En el periodo se registraron las siguientes Horas Hombres Inactivas
B105: Horas Hombre Inactivas por estado de tiempo | I105: 0 | N105: Acumulado anterior: | R105: 0 | W105: Semana: | Z105: 0 | AC105: Acumulado Actual:
B106: Horas Hombre Inactivas por otros motivos | I106: 0 | N106: Acumulado anterior: | R106: 0 | W106: Semana: | Z106: 0 | AC106: Acumulado Actual:
B108: REGISTRO FOTOGRAFICO ACTIVIDADES RELEVANTES
B110: REGISTRO FOTOGRÁFICO CON FECHA IMPRESA | U110: REGISTRO FOTOGRÁFICO CON FECHA IMPRESA
B129: LUGAR: | E129: Subestación A / B - | U129: LUGAR: | X129: Subestación A / B - Planta Disico
B130: FECHA: | E130: 20/oct/20 y 27/oct/2020 | U130: FECHA: | X130: 20/10/2020 - 22/10/2020 - 30/10/2020
B131: DESCRIPCIÓN: Desconexión de banco de transformadores en subestación A. Alistamiento de transformador de 500kVA para traslado. Instalación de deldas de remonte y protección en subestación A. | U131: DESCRIPCIÓN: Se realizó el simulacro nacional de autoprotección y evacuación, en el caso del proyecto si evacuamos al punto de encuentro, debido a que el número de trabajadores es bajo y se podian mantener los protocolos de bioseguridad (distanciamiento social y uso de tapabocas), el evento se realizo el día 22-10-2020. Se da inicio a la campaña de prevención ante el covid-19 contando con el apoyo de todos los trabajadores del proyecto para cumplir la meta de 0 contagiados. Adicionalmente se realiza la prueba de covid-19 antígeno al personal del proyecto.

Sheet Financiero
C1: TITULO DOCUMENTO | G1: Código: | H1: FDI-001-04
C2: INFORME QUINCENAL FINANCIERO | G2: Versión: | H2: 2
G3: Fecha Creación: | H3: =+[1]Control!AF10 -> 44012
G4: Documento: | H4: 2 de 6
A6: FORMATO N° 7 ITEMS A COTIZAR
J7: Ejecutado en el periodo | L7: Ejecutado Total $
A8: ITEM | B8: DESCRIPCION | C8: UNIDAD | D8: CANTIDAD | E8: MARCA | F8: MODELO | G8: V/UNITARIO | H8: V/TOTAL CONTRACTUAL | I8: % PESO | J8: Acum. Anterior | K8: Ejecutado a fecha | L8: Acum. Anterior $ | M8: Ejecutado en corte $ | N8: Ejecutado Total $
A9: CAP 1 | B9: SUBESTACION NUEVA TORRE DE CONTROL
B10: EQUIPO PARA CONEXIÓN SUBESTACION C
A11: 1.01 | B11: Celda Tipo metaclad normas IEC/EN o aplicables tal y como son: IEC 60439-1/61439, EN 60439-1/61439 con especificaciones técnicas de acuerdo al Anexo 2, con salida a cable. Para tren de 480 V existente en la subestación, con interruptor tripolar de 500 Amperios. | C11: UND | D11: 1 | E11: DISICO | G11: 16039914 | H11: =+G11*D11 -> 16039914 | I11: =+H11/$H$103 -> 0.0047578947 | J11: 0 | K11: 0 | L11: =J11*H11 -> 0 | M11: =K11*H11 -> 0 | N11: =+L11+M11 -> 0
A12: 1.02 | B12: Instalación de la celda ítem anterior, incluye los accesorios de conexión , de acuerdo a las recomendaciones del fabricante. | C12: GB | D12: 1 | G12: 3184101.5 | H12: =+G12*D12 -> 3184101.5 | I12: =+H12/$H$103 -> 0.00094449507 | J12: 0 | K12: 0 | L12: =J12*H12 -> 0 | M12: =K12*H12 -> 0 | N12: =+L12+M12 -> 0
A13: 1.03 | B13: Acometida eléctrica entre el tablero de paralelismo y la celda del ítem 1.01, en conductores 3 x 3 No 350 Kcmil + 1 No 350 kcmil - THHN, incuye instalación por cárcamo existente. | C13: ML | D13: 50 | E13: NEXANS / PROCABLES | G13: 583241.29 | H13: =+G13*D13 -> 29162064 | I13: =+H13/$H$103 -> 0.0086502978 | J13: 1 | K13: 0 | L13: =J13*H13 -> 29162064 | M13: =K13*H13 -> 0 | N13: =+L13+M13 -> 29162064
A14: 1.04 | B14: Acometida eléctrica entre la celda de protección y el transformador de 300 KVA, en conductores 3 x 3 No 350 Kcmil + 1 No 350 kcmil - THHN, incuye instalación por cárcamo existente. | C14: ML | D14: 10 | E14: NEXANS / PROCABLES | G14: 610255.48 | H14: =+G14*D14 -> 6102554.8 | I14: =+H14/$H$103 -> 0.0018101913 | J14: 1 | K14: 0 | L14: =J14*H14 -> 6102554.8 | M14: =K14*H14 -> 0 | N14: =+L14+M14 -> 6102554.8
A15: 1.05 | B15: Transformador de potencia trifásico 300 KVA, elevador, 0,48/4,160 kV; 60 Hz, DYn5,3,34% tensión cc. Icc. 1.246 kA Tipo seco Norma NTC 3654 | C15: UND | D15: 1 | E15: AWA INGENIERIA | G15: 29298416 | H15: =+G15*D15 -> 29298416 | I15: =+H15/$H$103 -> 0.0086907437 | J15: 0.9 | K15: 0.1 | L15: =J15*H15 -> 26368575 | M15: =K15*H15 -> 2929841.6 | N15: =+L15+M15 -> 29298416
A16: 1.06 | B16: Celda para el transformador de potencia de 300 KVA, incluye accesorios de conexión. Incluye sensor de temperatura, borneras e iluminación interior, norma CODENSA CTS 518-2. De acuerdo a RETIE | C16: UND | D16: 1 | E16: DISICO | G16: 6736645.1 | H16: =+G16*D16 -> 6736645.1 | I16: =+H16/$H$103 -> 0.0019982806 | J16: 1 | K16: 0 | L16: =J16*H16 -> 6736645.1 | M16: =K16*H16 -> 0 | N16: =+L16+M16 -> 6736645.1
A17: 1.07 | B17: Instalación de la celda del transformador de 300 KVA, incluye equipo para instalación del tansformador y conexionado de la totalidad de accesorios suministrados. | C17: GB | D17: 1 | G17: 457968 | H17: =+G17*D17 -> 457968 | I17: =+H17/$H$103 -> 0.00013584634 | J17: 1 | K17: 0 | L17: =J17*H17 -> 457968 | M17: =K17*H17 -> 0 | N17: =+L17+M17 -> 457968
A18: 1.08 | B18: Acometida eléctrica entre el transformador de 300 KVA y la celda del interruptor de protección de la acometida, en conductores 3 x 1/0 awg, 15 kV aíslamiento XLPE - TR 100% Incluye instalación por cárcamo existente. | C18: ML | D18: 10 | E18: NEXANS / PROCABLES | G18: 248665.17 | H18: =+G18*D18 -> 2486651.7 | I18: =+H18/$H$103 -> 0.00073761162 | J18: 1 | K18: 0 | L18: =J18*H18 -> 2486651.7 | M18: =K18*H18 -> 0 | N18: =+L18+M18 -> 2486651.7
A19: 1.09 | B19: Celda de protección switchgear con Interruptor de potencia del tipo vacio, mínimo 15 kV, 3 x 50 A con seccionador bajo carga en SF6, salida a cable, de acuerdo al Anexo 2. | C19: UND | D19: 1 | E19: AWA | G19: 1.0909124e+08 | H19: =+G19*D19 -> 1.0909124e+08 | I19: =+H19/$H$103 -> 0.032359564 | J19: 1 | K19: 0 | L19: =J19*H19 -> 1.0909124e+08 | M19: =K19*H19 -> 0 | N19: =+L19+M19 -> 1.0909124e+08
A20: 1.1 | B20: Instalación del interruptor de potencia. Incluye accesorios. | C20: GB | D20: 1 | G20: 5181750 | H20: =+G20*D20 -> 5181750 | I20: =+H20/$H$103 -> 0.0015370544 | J20: 0.8 | K20: 0.1 | L20: =J20*H20 -> 4145400 | M20: =K20*H20 -> 518175 | N20: =+L20+M20 -> 4663575
A21: 1.11 | B21: Acometida en media tensión en 3 conductores No. 1/0 AWG aislamiento XLPE -TR de 5 kV para interconexión Interruptor protección y celda de entrada subestación C | C21: ML | D21: 1500 | E21: NEXANS / PROCABLES | G21: 221394.36 | H21: =+G21*D21 -> 332091540 | I21: =+H21/$H$103 -> 0.098507797 | J21: 1 | K21: 0 | L21: =J21*H21 -> 332091540 | M21: =K21*H21 -> 0 | N21: =+L21+M21 -> 332091540
A22: 1.12 | B22: Instalación de la acometida ítem anterior, por canalización existente. | C22: ML | D22: 1500 | G22: 28065.55 | H22: =+G22*D22 -> 42098325 | I22: =+H22/$H$103 -> 0.012487561 | J22: 0 | K22: 0 | L22: =J22*H22 -> 0 | M22: =K22*H22 -> 0 | N22: =+L22+M22 -> 0
A23: 1.13 | B23: Pruebas y puesta en marcha. Incluye conexionado en bahia de la subestación C | C23: GB | D23: 1 | G23: 11335695 | H23: =+G23*D23 -> 11335695 | I23: =+H23/$H$103 -> 0.0033624896 | J23: 0.2 | K23: 0 | L23: =J23*H23 -> 2267139 | M23: =K23*H23 -> 0 | N23: =+L23+M23 -> 2267139
B24: EQUIPO PARA CONEXIÓN SUBESTACION D | L24: =J24*H24 -> 0
A25: 1.14 | B25: Celda Tipo metaclad normas IEC/EN o aplicables tal y como son: IEC 60439-1/61439, EN 60439-1/61439 con especificaciones técnicas de acuerdo al Anexo 2, con salida a cable. Para tren de 480 V existente en la subestación, con interruptor tripolar de 500 Amperios. | C25: UND | D25: 1 | E25: DISICO | G25: 16039914 | H25: =+G25*D25 -> 16039914 | I25: =+H25/$H$103 -> 0.0047578947 | J25: 0 | K25: 0 | L25: =J25*H25 -> 0 | M25: =K25*H25 -> 0 | N25: =+L25+M25 -> 0
A26: 1.15 | B26: Instalación de la celda ítem anterior, incluye los accesorios de conexión, de acuerdo a las recomendaciones del fabricante. | C26: GB | D26: 1 | G26: 3231477.5 | H26: =+G26*D26 -> 3231477.5 | I26: =+H26/$H$103 -> 0.00095854814 | J26: 0 | K26: 0 | L26: =J26*H26 -> 0 | M26: =K26*H26 -> 0 | N26: =+L26+M26 -> 0
A27: 1.16 | B27: Acometida eléctrica entre la celday el transformador de 350 KVA, en conductores 3 x 3 No 350 Kcmil + 1 No 350 kcmil - THHN, incuye instalación por cárcamo existente. | C27: ML | D27: 15 | E27: NEXANS / PROCABLES | G27: 614677.24 | H27: =+G27*D27 -> 9220158.6 | I27: =+H27/$H$103 -> 0.0027349613 | J27: 1 | K27: 0 | L27: =J27*H27 -> 9220158.6 | M27: =K27*H27 -> 0 | N27: =+L27+M27 -> 9220158.6
A28: 1.17 | B28: Transformador de potencia trifásico 350 KVA, elevador, 0,48/2,400 kV; 60 Hz, YDn5,3,48% tensión cc. Icc. 2,419 kA Tipo seco Norma NTC 3654 | C28: UND | D28: 1 | E28: AWA INGENIERIA | G28: 34672243 | H28: =+G28*D28 -> 34672243 | I28: =+H28/$H$103 -> 0.010284773 | J28: 0.9 | K28: 0.1 | L28: =J28*H28 -> 31205019 | M28: =K28*H28 -> 3467224.3 | N28: =+L28+M28 -> 34672243
A29: 1.18 | B29: Celda para el transformador de potencia de 350 KVA, incluye accesorios de conexión. Incluye sensor de temperatura, borneras e iluminación interior, norma CODENSA CTS 518-2. De acuerdo a RETIE | C29: UND | D29: 1 | E29: DISICO | G29: 6736645.1 | H29: =+G29*D29 -> 6736645.1 | I29: =+H29/$H$103 -> 0.0019982806 | J29: 1 | K29: 0 | L29: =J29*H29 -> 6736645.1 | M29: =K29*H29 -> 0 | N29: =+L29+M29 -> 6736645.1
A30: 1.19 | B30: Instalación de la celda del transformador de 350 KVA, incluye equipo para instalación del tansformador y conexionado de la totalidad de accesorios suministrados. | C30: GB | D30: 1 | G30: 510318.48 | H30: =+G30*D30 -> 510318.48 | I30: =+H30/$H$103 -> 0.00015137498 | J30: 1 | K30: 0 | L30: =J30*H30 -> 510318.48 | M30: =K30*H30 -> 0 | N30: =+L30+M30 -> 510318.48
A31: 1.2 | B31: Acometida eléctrica entre el transformador de 350 KVA y la celda de remonte de cables para el interruptor de protección de la acometida, en conductores 3 x 1/0 AWG, 15 kV aíslamiento XLPE - TR 100% Incluye instalación por cárcamo existente. | C31: ML | D31: 10 | E31: NEXANS / PROCABLES | G31: 248665.17 | H31: =+G31*D31 -> 2486651.7 | I31: =+H31/$H$103 -> 0.00073761162 | J31: 1 | K31: 0 | L31: =J31*H31 -> 2486651.7 | M31: =K31*H31 -> 0 | N31: =+L31+M31 -> 2486651.7
A32: 1.21 | B32: Celda de protección switchgear con Interruptor de potencia del tipo vacio,mínimo 15 kV, 3 x 50 A, salida a cable, de acuerdo al Anexo 2.Celda de protección con interruptor en vacío, seccionador bajo carga en gas SF6, 01 relé de protección 50/51, 50N/51N, 03 TCs de protección y medición, 01 TC toroidal para protección homopolar, 03 VTs de protección y medición, 01 analizador de redes. En la acometida de la Nueva Torre de control. | C32: UND | D32: 1 | E32: DISICO | G32: 1.3020168e+08 | H32: =+G32*D32 -> 1.3020168e+08 | I32: =+H32/$H$103 -> 0.03862152 | J32: 1 | K32: 0 | L32: =J32*H32 -> 1.3020168e+08 | M32: =K32*H32 -> 0 | N32: =+L32+M32 -> 1.3020168e+08
A33: 1.22 | B33: Instalación de la celda de protección del ítem anterior, incluye accesorios de conexión. | C33: GB | D33: 1 | G33: 5181750 | H33: =+G33*D33 -> 5181750 | I33: =+H33/$H$103 -> 0.0015370544 | J33: 0.8 | K33: 0.1 | L33: =J33*H33 -> 4145400 | M33: =K33*H33 -> 518175 | N33: =+L33+M33 -> 4663575
A34: 1.23 | B34: Acometida eléctrica entre el transformador de 350 KVA y la celda de remonte de cables para el interruptor de protección de la acometida, en conductores 3 x 1/0 AWG, 15 kV aíslamiento XLPE - TR 100% Incluye instalación por cárcamo existente. | C34: ML | D34: 10 | E34: NEXANS / PROCABLES | G34: 248665.17 | H34: =+G34*D34 -> 2486651.7 | I34: =+H34/$H$103 -> 0.00073761162 | J34: 1 | K34: 0 | L34: =J34*H34 -> 2486651.7 | M34: =K34*H34 -> 0 | N34: =+L34+M34 -> 2486651.7
A35: 1.24 | B35: Celda de remonte de cables con barras para conexión seccionadores de salida. | C35: UND | D35: 1 | E35: DISICO | G35: 13229938 | H35: =+G35*D35 -> 13229938 | I35: =+H35/$H$103 -> 0.0039243759 | J35: 1 | K35: 0 | L35: =J35*H35 -> 13229938 | M35: =K35*H35 -> 0 | N35: =+L35+M35 -> 13229938
A36: 1.25 | B36: Instalación de la celda de remonte de cables del ítem anterior. | C36: GB | D36: 1 | G36: 1969065 | H36: =+G36*D36 -> 1969065 | I36: =+H36/$H$103 -> 0.00058408069 | J36: 1 | K36: 0 | L36: =J36*H36 -> 1969065 | M36: =K36*H36 -> 0 | N36: =+L36+M36 -> 1969065
A37: 1.26 | B37: Celda de protección con seccionador en SF6 mínimo 15 kV y fusibles 3 x 50 A, de acuerdo al Anexo 2. En la acometida de la subestación D | C37: UND | D37: 1 | E37: DISICO | G37: 31763417 | H37: =+G37*D37 -> 31763417 | I37: =+H37/$H$103 -> 0.009421933 | J37: 1 | K37: 0 | L37: =J37*H37 -> 31763417 | M37: =K37*H37 -> 0 | N37: =+L37+M37 -> 31763417
A38: 1.27 | B38: Instalación de la celda de protección del ítem anterior, incluye accesorios de conexión. | C38: GB | D38: 1 | G38: 3738953.4 | H38: =+G38*D38 -> 3738953.4 | I38: =+H38/$H$103 -> 0.0011090799 | J38: 0.8 | K38: 0.1 | L38: =J38*H38 -> 2991162.7 | M38: =K38*H38 -> 373895.34 | N38: =+L38+M38 -> 3365058.1
A39: 1.28 | B39: Celda de protección con seccionador en SF6 mínimo 15 kV y fusibles 3 x 50 A, de acuerdo al Anexo 2. En la acometida para el ILS - | C39: UND | D39: 1 | E39: DISICO | G39: 31763417 | H39: =+G39*D39 -> 31763417 | I39: =+H39/$H$103 -> 0.009421933 | J39: 1 | K39: 0 | L39: =J39*H39 -> 31763417 | M39: =K39*H39 -> 0 | N39: =+L39+M39 -> 31763417
A40: 1.29 | B40: Instalación de la celda de protección del ítem anterior, incluye accesorios de conexión. | C40: GB | D40: 1 | G40: 3592087.8 | H40: =+G40*D40 -> 3592087.8 | I40: =+H40/$H$103 -> 0.0010655154 | J40: 0.8 | K40: 0.1 | L40: =J40*H40 -> 2873670.2 | M40: =K40*H40 -> 359208.78 | N40: =+L40+M40 -> 3232879
A41: 1.3 | B41: Acometida en media tensión en 3 conductores No. 1/0 AWG aislamiento XLPE -TR de 5 kV para interconexión seccionador protección y Subestación D | C41: ML | D41: 1500 | E41: NEXANS / PROCABLES | G41: 160537.33 | H41: =+G41*D41 -> 2.4080599e+08 | I41: =+H41/$H$103 -> 0.071429907 | J41: 1 | K41: 0 | L41: =J41*H41 -> 2.4080599e+08 | M41: =K41*H41 -> 0 | N41: =+L41+M41 -> 2.4080599e+08
A42: 1.31 | B42: Instalación de la acometida ítem anterior, por canalización existente en el campo de vuelo de la pista norte del aeropuerto. | C42: ML | D42: 1500 | G42: 14805 | H42: =+G42*D42 -> 22207500 | I42: =+H42/$H$103 -> 0.0065873762 | J42: 0 | K42: 0 | L42: =J42*H42 -> 0 | M42: =K42*H42 -> 0 | N42: =+L42+M42 -> 0
A43: 1.32 | B43: Acometida en media tensión en 3 conductores No. 1/0 AWG aislamiento XLPE -TR de 5 kV para interconexión Interruptor protección y celda del sistema ILS, ubicada en el Shelter antiguo del GP. | C43: ML | D43: 2500 | E43: NEXANS / PROCABLES | G43: 160537.33 | H43: =+G43*D43 -> 4.0134332e+08 | I43: =+H43/$H$103 -> 0.11904985 | J43: 0.8 | K43: 0 | L43: =J43*H43 -> 3.2107466e+08 | M43: =K43*H43 -> 0 | N43: =+L43+M43 -> 3.2107466e+08
A44: 1.33 | B44: Instalación de la acometida ítem anterior, por canalización existente en el campo de vuelo de la pista norte del aeropuerto. | C44: ML | D44: 2500 | G44: 14805 | H44: =+G44*D44 -> 37012500 | I44: =+H44/$H$103 -> 0.01097896 | J44: 0 | K44: 0 | L44: =J44*H44 -> 0 | M44: =K44*H44 -> 0 | N44: =+L44+M44 -> 0
B45: EQUIPO GLIDE PATH, PUNTO MEDIO Y LOCALIZADOR | G45: 0 | L45: =J45*H45 -> 0 | N45: =+L45+M45 -> 0
B46: Estos equipos se instalarán en el Shelter del Glide Slope | G46: 0 | L46: =J46*H46 -> 0 | N46: =+L46+M46 -> 0
A47: 1.34 | B47: Celda de remonte de cables con barras para conexión seccionadores de salida. | C47: UND | D47: 1 | E47: DISICO | G47: 13229938 | H47: =+G47*D47 -> 13229938 | I47: =+H47/$H$103 -> 0.0039243759 | J47: 1 | K47: 0 | L47: =J47*H47 -> 13229938 | M47: =K47*H47 -> 0 | N47: =+L47+M47 -> 13229938
A48: 1.35 | B48: Instalación de la celda de remonte de cables del ítem anterior. Incluye la conexión de la acometida existente y los accesorios de conexión - terminales 5 KV cintas etc. | C48: GB | D48: 1 | G48: 2579425.8 | H48: =+G48*D48 -> 2579425.8 | I48: =+H48/$H$103 -> 0.00076513106 | J48: 0 | K48: 0 | L48: =J48*H48 -> 0 | M48: =K48*H48 -> 0 | N48: =+L48+M48 -> 0
A49: 1.36 | B49: Celda de protección con seccionador en SF6 minimo 15 kV y fusibles 3 x 40 A, de acuerdo al Anexo 2. En la acometida para hacia el GP - a ubicar en el Shelter del Glide Slope | C49: UND | D49: 1 | E49: DISICO | G49: 31763417 | H49: =+G49*D49 -> 31763417 | I49: =+H49/$H$103 -> 0.009421933 | J49: 1 | K49: 0 | L49: =J49*H49 -> 31763417 | M49: =K49*H49 -> 0 | N49: =+L49+M49 -> 31763417
A50: 1.37 | B50: Instalación de la celda de remonte de cables del ítem anterior. Incluye la conexión de la acometida existente y los accesorios de conexión - terminales 5 KV cintas etc. | C50: GB | D50: 1 | G50: 3911875.8 | H50: =+G50*D50 -> 3911875.8 | I50: =+H50/$H$103 -> 0.0011603736 | J50: 0 | K50: 0 | L50: =J50*H50 -> 0 | M50: =K50*H50 -> 0 | N50: =+L50+M50 -> 0
A51: 1.38 | B51: Celda de protección con seccionador en SF6 mínimo 15 kV y fusibles 3 x 15 A, de acuerdo al Anexo 2. En la acometida para hacia el Punto Medio RVR - a ubicar en el Shelter del Glide Slope | C51: UND | D51: 1 | E51: DISICO | G51: 31763417 | H51: =+G51*D51 -> 31763417 | I51: =+H51/$H$103 -> 0.009421933 | J51: 1 | K51: 0 | L51: =J51*H51 -> 31763417 | M51: =K51*H51 -> 0 | N51: =+L51+M51 -> 31763417
A52: 1.39 | B52: Instalación de la celda de remonte de cables del ítem anterior. Incluye la conexión de la acometida existente y los accesorios de conexión - terminales 5 KV cintas etc. | C52: GB | D52: 1 | G52: 3911875.8 | H52: =+G52*D52 -> 3911875.8 | I52: =+H52/$H$103 -> 0.0011603736 | J52: 0 | K52: 0 | L52: =J52*H52 -> 0 | M52: =K52*H52 -> 0 | N52: =+L52+M52 -> 0
A53: 1.4 | B53: Celda de protección con seccionador en SF6 mínimo 15 kV y fusibles 3 x 40 A, de acuerdo al Anexo 2. En la acometida para hacia el localizador - a ubicar en el Shelter del Glide Slope | C53: UND | D53: 1 | E53: DISICO | G53: 31763417 | H53: =+G53*D53 -> 31763417 | I53: =+H53/$H$103 -> 0.009421933 | J53: 1 | K53: 0 | L53: =J53*H53 -> 31763417 | M53: =K53*H53 -> 0 | N53: =+L53+M53 -> 31763417
A54: 1.41 | B54: Instalación de la celda del ítem anterior. Incluye la conexión de la acometida existente y los accesorios de conexión - terminales 5 KV cintas etc. | C54: GB | D54: 1 | G54: 3911875.8 | H54: =+G54*D54 -> 3911875.8 | I54: =+H54/$H$103 -> 0.0011603736 | J54: 0 | K54: 0 | L54: =J54*H54 -> 0 | M54: =K54*H54 -> 0 | N54: =+L54+M54 -> 0
A55: 1.42 | B55: Caja de maniobra tipo intemperie, tensión de serie 15 kV, 60 Hz, con tres (3) vias SELECTIVA con entradas y derivación de 200 A trifásica, refrigeración ONAN de acuerdo a especificaciones técnicas Anexo 2. | C55: UND | D55: 3 | E55: AWA INGENIERIA | G55: 13320899 | H55: =+G55*D55 -> 39962698 | I55: =+H55/$H$103 -> 0.011854073 | J55: 1 | K55: 0 | L55: =J55*H55 -> 39962698 | M55: =K55*H55 -> 0 | N55: =+L55+M55 -> 39962698
A56: 1.43 | B56: Instalación de la caja de maniobra del ítem anterior. Incluye la conexión de la acometida existente y los accesorios de conexión - terminales 5 KV cintas etc. | C56: GB | D56: 3 | G56: 5608765.7 | H56: =+G56*D56 -> 16826297 | I56: =+H56/$H$103 -> 0.0049911583 | J56: 0 | K56: 0 | L56: =J56*H56 -> 0 | M56: =K56*H56 -> 0 | N56: =+L56+M56 -> 0
A57: CAP 2 | B57: EQUIPOS POTENCIA SUBESTACION A/B | G57: 0 | I57: =+H57/$H$103 -> 0 | L57: =J57*H57 -> 0 | N57: =+L57+M57 -> 0
A58: 2.01 | B58: Celda de protección switchgear con Interruptor de potencia del tipo vacio,mínimo 15 kV, 3 x 50 A, salida a cable, de acuerdo al Anexo 2.Celda de protección con interruptor en vacío, seccionador bajo carga en gas SF6, 01 relé de protección 50/51, 50N/51N, 03 TCs de protección y medición, 01 TC toroidal para protección homopolar, 03 VTs de protección y medición, 01 analizador de redes. En la acometida del CGAC. | C58: UND | D58: 1 | E58: DISICO | G58: 1.3020168e+08 | H58: =+G58*D58 -> 1.3020168e+08 | I58: =+H58/$H$103 -> 0.03862152 | J58: 1 | K58: 0 | L58: =J58*H58 -> 1.3020168e+08 | M58: =K58*H58 -> 0 | N58: =+L58+M58 -> 1.3020168e+08
A59: 2.02 | B59: Instalación del interruptor de potencia del ítem anterior. Incluye accesorios. | C59: GB | D59: 1 | G59: 5181750 | H59: =+G59*D59 -> 5181750 | I59: =+H59/$H$103 -> 0.0015370544 | J59: 0 | K59: 0 | L59: =J59*H59 -> 0 | M59: =K59*H59 -> 0 | N59: =+L59+M59 -> 0
A60: 2.03 | B60: Celda de protección switchgear con Interruptor de potencia del tipo vacio, mínimo 15 kV, 3 x 50 A, salida a cable, de acuerdo al Anexo 2.Celda de protección con interruptor en vacío, seccionador bajo carga en gas SF6, 01 relé de protección 50/51, 50N/51N, 03 TCs de protección y medición, 01 TC toroidal para protección homopolar, 03 VTs de protección y medición, 01 analizador de redes. En la acometida Nueva Torre de Control | C60: UND | D60: 1 | E60: DISICO | G60: 1.3020168e+08 | H60: =+G60*D60 -> 1.3020168e+08 | I60: =+H60/$H$103 -> 0.03862152 | J60: 1 | K60: 0 | L60: =J60*H60 -> 1.3020168e+08 | M60: =K60*H60 -> 0 | N60: =+L60+M60 -> 1.3020168e+08
A61: 2.04 | B61: Instalación del interruptor de potencia del ítem anterior. Incluye accesorios. | C61: GB | D61: 1 | G61: 5181750 | H61: =+G61*D61 -> 5181750 | I61: =+H61/$H$103 -> 0.0015370544 | J61: 0 | K61: 0 | L61: =J61*H61 -> 0 | M61: =K61*H61 -> 0 | N61: =+L61+M61 -> 0
A62: 2.05 | B62: Celda de protección con seccionador en SF6 mínimo 15 kV y fusibles 3 x 40 A, de acuerdo al Anexo 2.para el transformador de la subestación A | C62: UND | D62: 1 | E62: DISICO | G62: 31763417 | H62: =+G62*D62 -> 31763417 | I62: =+H62/$H$103 -> 0.009421933 | J62: 1 | K62: 0 | L62: =J62*H62 -> 31763417 | M62: =K62*H62 -> 0 | N62: =+L62+M62 -> 31763417
A63: 2.06 | B63: Instalación del interruptor de potencia del ítem anterior. Incluye accesorios. | C63: GB | D63: 1 | G63: 5181750 | H63: =+G63*D63 -> 5181750 | I63: =+H63/$H$103 -> 0.0015370544 | J63: 0 | K63: 0 | L63: =J63*H63 -> 0 | M63: =K63*H63 -> 0 | N63: =+L63+M63 -> 0
A64: 2.07 | B64: Celda de protección con seccionador en SF6 mínimo 15 kV y fusibles 3 x 40 A, de acuerdo al Anexo 2.para el transformador de la subestación B | C64: UND | D64: 1 | E64: DISICO | G64: 31763417 | H64: =+G64*D64 -> 31763417 | I64: =+H64/$H$103 -> 0.009421933 | J64: 1 | K64: 0 | L64: =J64*H64 -> 31763417 | M64: =K64*H64 -> 0 | N64: =+L64+M64 -> 31763417
A65: 2.08 | B65: Instalación del seccionador de potencia del ítem anterior. Incluye accesorios. | C65: UND | D65: 1 | G65: 3298593.5 | H65: =+G65*D65 -> 3298593.5 | I65: =+H65/$H$103 -> 0.00097845665 | J65: 0 | K65: 0 | L65: =J65*H65 -> 0 | M65: =K65*H65 -> 0 | N65: =+L65+M65 -> 0
A66: 2.09 | B66: Celda de remonte de cables con barras para conexión seccionadores de salida, de acuerdo a diagrama unifilar. | C66: UND | D66: 1 | E66: DISICO | G66: 13229938 | H66: =+G66*D66 -> 13229938 | I66: =+H66/$H$103 -> 0.0039243759 | J66: 1 | K66: 0 | L66: =J66*H66 -> 13229938 | M66: =K66*H66 -> 0 | N66: =+L66+M66 -> 13229938
A67: 2.1 | B67: Instalación de la celda de remonte de cables del ítem anterior. | C67: GB | D67: 1 | G67: 1874313 | H67: =+G67*D67 -> 1874313 | I67: =+H67/$H$103 -> 0.00055597455 | J67: 0 | K67: 0 | L67: =J67*H67 -> 0 | M67: =K67*H67 -> 0 | N67: =+L67+M67 -> 0
A68: 2.11 | B68: Celda de remonte de cables con barras para conexión seccionadores de salida, de acuerdo a diagrama unifilar. | C68: UND | D68: 1 | E68: DISICO | G68: 13229938 | H68: =+G68*D68 -> 13229938 | I68: =+H68/$H$103 -> 0.0039243759 | J68: 1 | K68: 0 | L68: =J68*H68 -> 13229938 | M68: =K68*H68 -> 0 | N68: =+L68+M68 -> 13229938
A69: 2.12 | B69: Instalación de la celda de remonte de cables del ítem anterior. | C69: GB | D69: 1 | G69: 1874313 | H69: =+G69*D69 -> 1874313 | I69: =+H69/$H$103 -> 0.00055597455 | J69: 0 | K69: 0 | L69: =J69*H69 -> 0 | M69: =K69*H69 -> 0 | N69: =+L69+M69 -> 0
A70: 2.13 | B70: Celda para alojamiento del transformador de 500 KVA, Norma CS 518 | C70: UND | D70: 2 | E70: DISICO | G70: 6624466.7 | H70: =+G70*D70 -> 13248933 | I70: =+H70/$H$103 -> 0.0039300105 | J70: 1 | K70: 0 | L70: =J70*H70 -> 13248933 | M70: =K70*H70 -> 0 | N70: =+L70+M70 -> 13248933
A71: 2.14 | B71: Instalación celda de transformador y traslado de los transformadores existentes, conforme al plan de transición, desde el actual sitio a las celdas del item anterior, incluye acccesorios. | C71: GB | D71: 2 | G71: 648419.52 | H71: =+G71*D71 -> 1296839 | I71: =+H71/$H$103 -> 0.00038467935 | J71: 0.25 | K71: 0 | L71: =J71*H71 -> 324209.76 | M71: =K71*H71 -> 0 | N71: =+L71+M71 -> 324209.76
A72: 2.15 | B72: Acometida eléctica en conductores 3 # 2/0 AWG aislamiento 15 kV XLPE entre interruptor de entrada y seccionador de proteccion transformador. (una por seccionador y celda de remonte | C72: ML | D72: 20 | E72: NEXANS / PROCABLES | G72: 274460.68 | H72: =+G72*D72 -> 5489213.6 | I72: =+H72/$H$103 -> 0.0016282569 | J72: 0 | K72: 0 | L72: =J72*H72 -> 0 | M72: =K72*H72 -> 0 | N72: =+L72+M72 -> 0
A73: 2.16 | B73: Acometida eléctrica en conductores 3 X 2/0 AWG, aislamiento 15 KV XLPE entre seccioandor de protección del transformador y transformador, incluye los accesorios de conexión - Conos preformados para interior, cinta, etc. (una por transformador) | C73: ML | D73: 20 | E73: NEXANS / PROCABLES | G73: 274460.68 | H73: =+G73*D73 -> 5489213.6 | I73: =+H73/$H$103 -> 0.0016282569 | J73: 1 | K73: 0 | L73: =J73*H73 -> 5489213.6 | M73: =K73*H73 -> 0 | N73: =+L73+M73 -> 5489213.6
B74: EQUIPOS BAJA TENSION SUBESTACION A/B
A75: 2.17 | B75: Celda Tipo metaclad IEC 60439-1/61439-1, EN 60439-1/61439-1 con especificaciones técnicas de acuerdo al Anexo 2, con salida a cable. Para tren de 480 V en la subestación, con interruptor tripolar tipo abierto de 630 Amperios. | C75: UND | D75: 1 | E75: DISICO | G75: 17634430 | H75: =+G75*D75 -> 17634430 | I75: =+H75/$H$103 -> 0.0052308735 | J75: 0 | K75: 0 | L75: =J75*H75 -> 0 | M75: =K75*H75 -> 0 | N75: =+L75+M75 -> 0
A76: 2.18 | B76: Instalación de la celda ítem anterior, incluye los accesorios de conexión , de acuerdo a las recomendaciones del fabricante. | C76: GB | D76: 1 | G76: 2767548 | H76: =+G76*D76 -> 2767548 | I76: =+H76/$H$103 -> 0.00082093346 | J76: 0 | K76: 0 | L76: =J76*H76 -> 0 | M76: =K76*H76 -> 0 | N76: =+L76+M76 -> 0
A77: 2.19 | B77: Celda Tipo metaclad IEC 60439-1/61439-1, EN 60439-1/61439-1 con especificaciones técnicas de acuerdo al Anexo 2, con salida a cable. Para tren de 480 V en la subestación, con interruptor tripolar tipo abierto de 630 Amperios. | C77: UND | D77: 1 | E77: DISICO | G77: 17634430 | H77: =+G77*D77 -> 17634430 | I77: =+H77/$H$103 -> 0.0052308735 | J77: 0 | K77: 0 | L77: =J77*H77 -> 0 | M77: =K77*H77 -> 0 | N77: =+L77+M77 -> 0
A78: 2.2 | B78: Instalación de la celda ítem anterior, incluye los accesorios de conexión , de acuerdo a las recomendaciones del fabricante. | C78: GB | D78: 1 | G78: 2767548 | H78: =+G78*D78 -> 2767548 | I78: =+H78/$H$103 -> 0.00082093346 | J78: 0 | K78: 0 | L78: =J78*H78 -> 0 | M78: =K78*H78 -> 0 | N78: =+L78+M78 -> 0
A79: 2.21 | B79: Transferencia automática PLANTA RED de 500 KVA, con interruptores abiertos, enclave electroico y mecanico, con módulo de control de acuerdo a especificaciones técnicas Anexo 2., 480/277 V 60 HZ | C79: UND | D79: 2 | E79: DISICO | G79: 43731803 | H79: =+G79*D79 -> 87463607 | I79: =+H79/$H$103 -> 0.025944194 | J79: 0.6 | K79: 0 | L79: =J79*H79 -> 52478164 | M79: =K79*H79 -> 0 | N79: =+L79+M79 -> 52478164
A80: 2.22 | B80: Instalación de la transferencia del ítem anterior, incluyen los accesorios de conexión. Terminales, cintas, configuración y software de control y monitoreo. | C80: GB | D80: 2 | G80: 2834417.2 | H80: =+G80*D80 -> 5668834.5 | I80: =+H80/$H$103 -> 0.0016815376 | J80: 0 | K80: 0 | L80: =J80*H80 -> 0 | M80: =K80*H80 -> 0 | N80: =+L80+M80 -> 0
A81: 2.23 | B81: Tablero tipo metalclad compartimentada, con tres (3) interruptores de 630/800 A tipo abierto, para acople de barras entre subestación A y Subestación B, funcionamiento conforme al Anexo 2, con sistema de control automático por PLC con bobina de mínima tensión, cierre apertura, motorizado y control automático, cumplimiento ensayos y certificación de acuerdo a Normas IEC 60429 - 1 e IEC 61439 1 y 2- Diagrama unifilar | C81: UND | D81: 1 | E81: DISICO | G81: 62178615 | H81: =+G81*D81 -> 62178615 | I81: =+H81/$H$103 -> 0.018443946 | J81: 0.6 | K81: 0 | L81: =J81*H81 -> 37307169 | M81: =K81*H81 -> 0 | N81: =+L81+M81 -> 37307169
A82: 2.24 | B82: instalación del tablero del ítem anterior, incluye accesorios de conexión, software de contro PLC, configuración y puesta en marcha. | C82: GB | D82: 1 | G82: 4674432 | H82: =+G82*D82 -> 4674432 | I82: =+H82/$H$103 -> 0.0013865695 | J82: 0 | K82: 0 | L82: =J82*H82 -> 0 | M82: =K82*H82 -> 0 | N82: =+L82+M82 -> 0
A83: 2.25 | B83: Tablero de distribución general tipo switchboard, de 18 circuitos autosoportado , cumplimiento ensayos y certificación de acuerdo a Normas IEC 60429 - 1 e IEC 61439 1 y 2, 18 circuitos con interruptores termomagnéticos de caja moldeada (60A - 80A) instantaneos y totalizador. (100-630 A regulable) de acuerdo a diagrama unifilar, instalado en la Subestación A 480/277 V, 60 HZ, protección DPS tipo I + II 80 kA 6 y analizador de medida con puerto de comunicaciones. | C83: UND | D83: 1 | E83: DISICO | G83: 34049412 | H83: =+G83*D83 -> 34049412 | I83: =+H83/$H$103 -> 0.010100024 | J83: 0.6 | K83: 0.1 | L83: =J83*H83 -> 20429647 | M83: =K83*H83 -> 3404941.2 | N83: =+L83+M83 -> 23834589
A84: 2.26 | B84: Instalación del tablero del ítem anterior, incluyen los accesorios de conexión. Terminales, cintas, etc. Traslado de acometida de alimentación para el tablero de reguladores. | C84: GB | D84: 1 | G84: 3884832 | H84: =+G84*D84 -> 3884832 | I84: =+H84/$H$103 -> 0.0011523517 | J84: 0 | K84: 0 | L84: =J84*H84 -> 0 | M84: =K84*H84 -> 0 | N84: =+L84+M84 -> 0
A85: 2.27 | B85: Tablero de distribución general tipo switchboard autosoportado, de 18 cuitcuitos, cumplimiento ensayos y certificación de acuerdo a Normas IEC 60429 - 1 e IEC 61439 1 y 2, 18 circuitos con interruptores termomagnéticos de caja moldeada (60A - 80A) instantaneos y totalizador. (100-630 A regulable) de acuerdo a diagrama unifilar, instalado en la Subestación B, 480/277 V, 60 HZ, Protección DPS tipo I + II 80 kA y analizador de medida con puerto de comunicación. | C85: UND | D85: 1 | E85: DISICO | G85: 8422410.5 | H85: =+G85*D85 -> 8422410.5 | I85: =+H85/$H$103 -> 0.0024983265 | J85: 0.6 | K85: 0.1 | L85: =J85*H85 -> 5053446.3 | M85: =K85*H85 -> 842241.05 | N85: =+L85+M85 -> 5895687.4
A86: 2.28 | B86: Instalación del tablero del ítem anterior, incluyen los accesorios de conexión. Terminales, cintas, etc. Traslado de acometida de alimentación para el tablero de reguladores. Conforme a diagrama unifilar. | C86: GB | D86: 1 | G86: 462705.6 | H86: =+G86*D86 -> 462705.6 | I86: =+H86/$H$103 -> 0.00013725164 | J86: 0 | K86: 0 | L86: =J86*H86 -> 0 | M86: =K86*H86 -> 0 | N86: =+L86+M86 -> 0
A87: 2.29 | B87: Celda con seccionador de protección, con fusibles del tipo HH para nivel de tensión 4.160 voltios (/,2 KV) para la acometida del sistema ILS | C87: UND | D87: 2 | E87: DISICO | G87: 33036102 | H87: =+G87*D87 -> 66072205 | I87: =+H87/$H$103 -> 0.019598895 | J87: 0 | K87: 0.2 | L87: =J87*H87 -> 0 | M87: =K87*H87 -> 13214441 | N87: =+L87+M87 -> 13214441
A88: 2.3 | B88: Celda para transformador de 40 KVA, 480/4160 voltios para el sistema ILS | C88: UND | D88: 2 | E88: DISICO | G88: 4686561.2 | H88: =+G88*D88 -> 9373122.5 | I88: =+H88/$H$103 -> 0.0027803347 | J88: 0.5 | K88: 0 | L88: =J88*H88 -> 4686561.2 | M88: =K88*H88 -> 0 | N88: =+L88+M88 -> 4686561.2
A89: 2.31 | B89: Traslado del transformador de 40 KVA del ILS, de acuerdo a plan de transición. Incluye accesorios de conexionado. | C89: GB | D89: 2 | G89: 4358671 | H89: =+G89*D89 -> 8717341.9 | I89: =+H89/$H$103 -> 0.0025858116 | J89: 0 | K89: 0 | L89: =J89*H89 -> 0 | M89: =K89*H89 -> 0 | N89: =+L89+M89 -> 0
B90: ACOMETIDAS ELECTRICAS BAJA TENSION S/E A/B
B91: Para los siguientes equipos se debe incluir la instalación en cada uno de los ITEMES | G91: 0 | J91: 0 | K91: 0 | L91: =J91*H91 -> 0 | M91: =K91*H91 -> 0 | N91: =+L91+M91 -> 0
A92: 2.32 | B92: Acometida eléctrica en 8 conductores 400 MCM para interconexión entre tableros de distribución, transformadores y transferencias. 2 x(3 x 400 MCM+ 1 x 400 MCM) | C92: ML | D92: 200 | E92: NEXANS / PROCABLES | G92: 826971.55 | H92: =+G92*D92 -> 165394310 | I92: =+H92/$H$103 -> 0.049060657 | J92: 0.5 | K92: 0 | L92: =J92*H92 -> 82697155 | M92: =K92*H92 -> 0 | N92: =+L92+M92 -> 82697155
A93: 2.33 | B93: Acometida eléctrica en 8 conductores 400 MCM para interconexión entre transferencias e interuptor de los grupos electrógenos. 2 x(3 x 400 MCM+ 1 x 400 MCM) | C93: ML | D93: 60 | E93: NEXANS / PROCABLES | G93: 826971.55 | H93: =+G93*D93 -> 49618293 | I93: =+H93/$H$103 -> 0.014718197 | J93: 0.5 | K93: 0 | L93: =J93*H93 -> 24809146 | M93: =K93*H93 -> 0 | N93: =+L93+M93 -> 24809146
A94: 2.34 | B94: Acometida eléctrica en 2 conductores 2 X 10 AWG conexión entre Tablero de distribución y reguladores de corriente. | C94: ML | D94: 500 | E94: NEXANS / PROCABLES | G94: 9235.3 | H94: =+G94*D94 -> 4617650 | I94: =+H94/$H$103 -> 0.0013697263 | J94: 0.35 | K94: 0 | L94: =J94*H94 -> 1616177.5 | M94: =K94*H94 -> 0 | N94: =+L94+M94 -> 1616177.5
A95: 2.35 | B95: Acometida eléctrica en 4 conductores 4/0 AWG para interconexión entre tableros de distibución y UPS ( Principal y by Pass) -Plan de tansición | C95: ML | D95: 200 | E95: NEXANS / PROCABLES | G95: 209251.22 | H95: =+G95*D95 -> 41850244 | I95: =+H95/$H$103 -> 0.012413973 | J95: 0.35 | K95: 0 | L95: =J95*H95 -> 14647585 | M95: =K95*H95 -> 0 | N95: =+L95+M95 -> 14647585
A96: 2.36 | B96: Acometida eléctrica en 3 conductores 4 AWG conexión entre Tablero de distribución UPS y sistemas aeronáuticos y Tablero de distribución UPS y tableros de distribución AYUDAS VISUALES Plan de transicion | C96: ML | D96: 500 | E96: NEXANS / PROCABLES | G96: 39135.6 | H96: =+G96*D96 -> 19567800 | I96: =+H96/$H$103 -> 0.0058043661 | J96: 0.35 | K96: 0 | L96: =J96*H96 -> 6848730 | M96: =K96*H96 -> 0 | N96: =+L96+M96 -> 6848730
A97: 2.37 | B97: Acometida eléctrica en 2 conductores 2 X 6 AWG conexión entre Tablero de distribución y sistemas aeronáuticos (ILS, luces de destello, etc) Plan de transición | C97: ML | D97: 200 | E97: NEXANS / PROCABLES | G97: 19282.74 | H97: =+G97*D97 -> 3856548 | I97: =+H97/$H$103 -> 0.0011439618 | J97: 0.35 | K97: 0 | L97: =J97*H97 -> 1349791.8 | M97: =K97*H97 -> 0 | N97: =+L97+M97 -> 1349791.8
A98: 2.38 | B98: Bandeja portacable de 50 cm tipo semipesada, incluye accesorios de ensamble, Iincluye 15 curvas. -7 horizontales y 8 verticales. Para acometidas en las las subestaciones | C98: ML | D98: 130 | G98: 157563.59 | H98: =+G98*D98 -> 20483267 | I98: =+H98/$H$103 -> 0.0060759195 | J98: 0.64 | K98: 0 | L98: =J98*H98 -> 13109291 | M98: =K98*H98 -> 0 | N98: =+L98+M98 -> 13109291
B99: INGENIERIA Y SERVICIOS | G99: 0 | J99: 0 | K99: 0 | L99: =J99*H99 -> 0 | M99: =K99*H99 -> 0 | N99: =+L99+M99 -> 0
A100: 2.39 | B100: Servicios de Ingenieria eléctrica, incluyendo cálculos de protecciones, coordinación de protecciones e integración al sistema SCADA existente. | C100: GB | D100: 1 | G100: 26207614 | H100: =+G100*D100 -> 26207614 | I100: =+H100/$H$103 -> 0.0077739236 | J100: 0.3 | K100: 0 | L100: =J100*H100 -> 7862284.1 | M100: =K100*H100 -> 0 | N100: =+L100+M100 -> 7862284.1
B101: SUBTOTAL | G101: 0 | H101: =SUM(H11:H100) -> 2.8329587e+09 | I101: =SUM(I11:I100) -> 0.84033613 | J101: 0 | K101: 0 | L101: =SUM(L11:L100) -> 2.1432041e+09 | M101: =SUM(M11:M100) -> 25628143 | N101: =+L101+M101 -> 2.1688322e+09
...

Sheet Planeacion
H1: TITULO DOCUMENTO | AA1: Código: | AE1: FDI-001-04
H2: INFORME QUINCENAL PLANEACION DEL PROYECTO | AA2: Versión: | AE2: 2
AA3: Fecha Creación: | AE3: =+Control!AF10 -> 44012
AA4: Documento: | AE4: 3 de 6
A7: PRINCIPALES ACTIVIDADES OBRA PARA LA PRÓXIMA QUINCENA
A8: Planeamiento próxima quincena:
A9: P | B9: Instalación de equipos en subestación A
A10: P | B10: Recibo de Tableros y celdas para subestación A
A11: P | B11: Conexiones de equipos en baja tensión
A12: P | B12: Verificación de continuidad y aislamiento de equipos
A13: P | B13: Pruebas para conexión de equipos
A14: P | B14: Preparar las áreas para intervención y excavaciones sector Catam
A15: P | B15: Continuar con el marquillado de acometidas y tableros
A16: P
A17: P
A18: P
A19: P
A20: P
A22: PRINCIPALES ACTIVIDADES HSEQ PARA LA PRÓXIMA QUINCENA
A23: Planeamiento:
A24: P | B24: Diligenciamiento de inspecciones HSEQ
A25: P | B25: Diligenciamiento de formatos de calidad en el proyecto
A26: P | B26: Actualización de plan de trabajo anual v7,1 Hseq en el proyecto
A27: P | B27: Participación en reunión de copasst
A28: P | B28: Realización de charlas pre operacionales de acuerdo al programa de capacitación de la compañía
A29: P | B29: Realizar alimentación del programa de mantenimiento de vehículos y herramientas del programa
A30: P | B30: Ejecutar campañas de gestión integral
A31: P | B31: Evaluar a los integrantes del proyecto sobre conocimientos del sistema de gestión integral
A32: P | B32: Realizar inspecciones en obra
A33: P | B33: Realizar renovación de permisos de ingreso a los integrantes y vehículos del proyecto.
A34: P | B34: Acompañar a los trabajadores en caso de realizar labores dentro de las pistas
A35: P | B35: Realizar seguimiento a las campañas que se tienen en el proyecto, cuidado de manos y prevención ante el covid-19
A36: P | B36: Resultados de las pruebas de covid-19 antígeno realizado al personal del proyecto.
A38: SUMINISTROS OBRA
A39: SUMINISTROS NACIONALES
A40: P | B40: Cables de BT y MT
A41: P | B41: Elementos de protección personal
A42: P
A43: SUMINISTROS INTERNACIONALES
A44: P
A45: P
A46: P
A47: EJECUCIÓN OBRA
A51: Entregable 2:
A54: COMENTARIOS

Sheet Avance
G1: TITULO DOCUMENTO | J1: Código: | L1: FDI-001-04
D2: INFORME QUINCENAL POR PORCENTAJE DE | J2: Versión: | L2: 2
D3: AVANCE FISICO DESARROLLADO | J3: Fecha Creación: | L3: =+Control!AF10 -> 44012
J4: Documento: | L4: 4 de 6
B8: Avance Ampliación | C8: 43936 | D8: 43951 | E8: 43966 | F8: 43981 | G8: 43997 | H8: 44012 | I8: 44027 | J8: 44042
B9: Programado | C9: 0 | D9: 0.2 | E9: 0.45 | F9: 0.7 | G9: 1 | H9: 1 | I9: 1 | J9: 1
B10: Ejecutado | C10: 0 | D10: 0.1 | E10: 0.3 | F10: 0.45 | G10: 0.7 | H10: 0.85 | I10: 0.95 | J10: 1
B31: Avance Cables | C31: 43936 | D31: 43951 | E31: 43966 | F31: 43981 | G31: 43997 | H31: 44012 | I31: 44027 | J31: 44042 | K31: 44058 | L31: 44073 | M31: 44089 | N31: 44104 | O31: 44119 | P31: 44134 | Q31: 44150 | R31: 44165 | S31: 44180 | T31: 44195
B32: Programado | C32: 0 | D32: 0.06 | E32: 0.16 | F32: 0.24 | G32: 0.32 | H32: 0.4 | I32: 0.48 | J32: 0.56 | K32: 0.64 | L32: 0.72 | M32: 0.76 | N32: 0.8 | O32: 0.85 | P32: 0.9 | Q32: 0.95 | R32: 1
B33: Ejecutado | C33: 0 | D33: 0.03 | E33: 0.09 | F33: 0.15 | G33: 0.2 | H33: 0.25 | I33: 0.25 | J33: 0.3 | K33: 0.35 | L33: 0.37 | M33: 0.45 | N33: 0.55 | O33: 0.6 | P33: 0.65
B54: Avance Tableros | C54: 43936 | D54: 43951 | E54: 43966 | F54: 43981 | G54: 43997 | H54: 44012 | I54: 44027 | J54: 44042 | K54: 44058 | L54: 44073 | M54: 44089 | N54: 44104 | O54: 44119 | P54: 44134 | Q54: 44150 | R54: 44165 | S54: 44180 | T54: 44195
B55: Programado | C55: 0 | D55: 0.07 | E55: 0.14 | F55: 0.21 | G55: 0.28 | H55: 0.35 | I55: 0.42 | J55: 0.49 | K55: 0.56 | L55: 0.63 | M55: 0.7 | N55: 0.77 | O55: 0.84 | P55: 0.91 | Q55: 1 | R55: 1
B56: Ejecutado | C56: 0 | D56: 0.04 | E56: 0.12 | F56: 0.16 | G56: 0.2 | H56: 0.24 | I56: 0.3 | J56: 0.35 | K56: 0.4 | L56: 0.42 | M56: 0.5 | N56: 0.55 | O56: 0.58 | P56: 0.6

Sheet horas_Hombre
F1: TITULO DOCUMENTO | I1: Código: | K1: FDI-001-04
C2: INFORME QUINCENAL HORAS HOMBRE | I2: Versión: | K2: 2
C3: REALES POR DISCIPLINA | I3: Fecha Creación: | K3: =+Control!AF10 -> 44012
I4: Documento: | K4: 5 de 6
C7: HORAS HOMBRE EJECUTADAS POR DISCIPLINA
C9: QUINCENAS
B10: DISCIPLINA | C10: 43845 | D10: 43860 | E10: 43876 | F10: 43890 | G10: 43905 | H10: 43920 | I10: 43936 | J10: 43951 | K10: 43966 | L10: 43981 | M10: 43997 | N10: 44012 | O10: 44027 | P10: 44042 | Q10: 44058 | R10: 44073 | S10: 44089 | T10: 44104 | U10: 44119 | V10: 44134 | W10: 44150 | X10: 44165 | Y10: 44180 | Z10: 44195 | AA10: hH. Acumulado | AB10: DISCIPLINA
B11: Administración | C11: 48 | D11: 102 | E11: 102 | F11: 102 | G11: 102 | H11: 140 | I11: 232 | J11: =+(96*2) -> 192 | K11: =+(96*2)+(20) -> 212 | L11: 212 | M11: 212 | N11: 180 | O11: 180 | P11: 180 | Q11: 180 | R11: 180 | S11: 180 | T11: =48*4 -> 192 | U11: =48*4 -> 192 | V11: 180 | AA11: =SUM(C11:R11) -> 2556 | AB11: Administración
B12: Montaje | C12: 0 | D12: 0 | E12: 0 | F12: 0 | G12: 0 | H12: 7 | I12: 112 | J12: =+(96*2) -> 192 | K12: =+(96*3) -> 288 | L12: 220 | M12: 220 | N12: 220 | O12: 220 | P12: 200 | Q12: 200 | R12: 120 | S12: 120 | T12: 240 | U12: 231 | V12: 210 | AA12: =SUM(C12:R12) -> 1999 | AB12: Montaje
B13: Total | C13: =SUM(C11:C12) -> 48 | D13: =SUM(D11:D12) -> 102 | E13: =SUM(E11:E12) -> 102 | F13: =SUM(F11:F12) -> 102 | G13: =SUM(G11:G12) -> 102 | H13: =SUM(H11:H12) -> 147 | I13: =SUM(I11:I12) -> 344 | J13: =SUM(J11:J12) -> 384 | ... V13: =SUM(V11:V12) -> 390 | AA13: =SUM(AA11:AA12) -> 4555 | AB13: Total
C37: 1H | D37: =8*6 -> 48 | E37: =+D37*4 -> 192
B39: h/H Directas
C40: H | D40: h/m | E40: meses | F40: ene | G40: feb | H40: mar | I40: abr | J40: may | K40: jun | L40: jul | M40: ago | N40: sep | O40: oct | P40: nov | Q40: dic
B41: Instalacion Cables | C41: 8 | D41: =+$E$37*C41 -> 1536 | E41: 4.5 | I41: 384 | J41: 384 | K41: 1536 | L41: 1536 | M41: 1536 | N41: 1536 | R41: =+D41*E41 -> 6912 | S41: h/H
B42: Instalacion Tableros | C42: 4 | D42: =+$E$37*C42 -> 768 | E42: =3.5+2 -> 5.5 | J42: 384 | K42: 768 | L42: 768 | M42: 768 | N42: 768 | O42: 768 | R42: =+D42*E42 -> 4224 | S42: h/H
B43: obra civil | C43: 3 | D43: =+$E$37*C43 -> 576 | E43: 3 | I43: 576 | J43: 576 | R43: =+D43*E43 -> 1728 | S43: h/H
R44: =SUM(R41:R43) -> 12864 | S44: h/H
B47: h/H Indirectas
C48: H | D48: h/m | E48: meses | F48: ene | G48: feb | H48: mar | I48: abr | J48: may | K48: jun | L48: jul | M48: ago | N48: sep | O48: oct | P48: nov | Q48: dic
B49: Residente | C49: 1 | D49: =+$E$37*C49 -> 192 | E49: 12 | F49: 192 | G49: 192 | H49: 192 | I49: 192 | J49: 192 | K49: 192 | L49: 192 | M49: 192 | N49: 192 | O49: 192 | P49: 192 | Q49: 192 | R49: =+D49*E49 -> 2304 | S49: h/H
B50: Hseq | C50: 1 | D50: =+$E$37*C50 -> 192 | E50: 10 | G50: 192 | H50: 192 | I50: 192 | J50: 192 | K50: 192 | L50: 192 | M50: 192 | N50: 192 | O50: 192 | P50: 192 | R50: =+D50*E50 -> 1920 | S50: h/H
B51: Administrador | C51: 1 | D51: =+$E$37*C51 -> 192 | E51: 12 | F51: 48 | G51: 48 | H51: 48 | I51: 48 | J51: 48 | K51: 48 | L51: 48 | M51: 48 | N51: 48 | O51: 48 | P51: 48 | Q51: 48 | R51: =+D51*E51 -> 2304 | S51: h/H
B52: Director | C52: 1 | D52: =+$E$37*C52 -> 192 | E52: 1.2 | F52: 19.2 | G52: 19.2 | H52: 19.2 | I52: 19.2 | J52: 19.2 | K52: 19.2 | L52: 19.2 | M52: 19.2 | N52: 19.2 | O52: 19.2 | P52: 19.2 | Q52: 19.2 | R52: =+D52*E52 -> 230.4 | S52: h/H
R53: =SUM(R49:R52) -> 6758.4 | S53: h/H

Sheet Hseq
H1: TITULO DOCUMENTO | AA1: Código: | AE1: FDI-001-04
H2: INFORME QUINCENAL HSEQ | AA2: Versión: | AE2: 2
AA3: Fecha Creación: | AE3: =+[2]Control!AF10 -> 43981
AA4: Documento: | AE4: 6 de 6
A8: SEGURIDAD EN EL TRABAJO
A9: Tasa de Frecuencia | H9: N° de tareas no realizadas | O9: N° Accidentes sin perdida de tiempo | V9: N° de accidentes con perdida de tiempo | AC9: N° de charlas de seguridad
A10: Metas en esta quincena | H10: 0 | O10: 0 | V10: 0 | AC10: 11
A11: Datos quincena anterior | H11: 0 | O11: 0 | V11: 0 | AC11: 14
A12: Datos quincena actual | H12: 0 | O12: 0 | V12: 0 | AC12: 12
A13: Acumulados del proyecto | H13: 0 | O13: 0 | V13: 0 | AC13: 154
A14: PLAN DE CALIDAD:
A15: P | B15: Prevención de eventos
A16: P | B16: Proyección de ensayos
A17: P | B17: Calibraciones y certificaciones
A18: P | B18: Actas de reunión
A19: P | B19: Manejo de formatos
A20: ESTADISTICAS DE SALUD OCUPACIONAL :
A21: Concepto | H21: Última fecha reportada | O21: Acumulado anterior | U21: Periodo | AA21: Acumulado del periodo | AG21: % Porcentaje
A22: TOTAL ACCIDENTES | H22: dd-mm | O22: xxAT | U22: de-mm-aa/de-mm-aa | AA22: xat
A23: Con perdida de tiempo | H23: Sin reporte | O23: ---- | U23: 44120 | X23: 44135 | AA23: ---- | AG23: 0
A24: Sin perdida de tiempo | H24: --- | O24: ---- | U24: 44120 | X24: 44135 | AA24: ---- | AG24: 0
A25: TOTAL DIAS PERDIDOS | H25: dd-mm | O25: xxAT | U25: de-mm-aa/de-mm-aa | AA25: xat
A26: Por accidente | H26: --- | O26: ---- | U26: 44120 | X26: 44135 | AA26: ---- | AG26: 0
A27: Por enfermedad | H27: --- | O27: ---- | U27: 44120 | X27: 44135 | AA27: ---- | AG27: 0
A28: OBSERVACIONES:
A29: P | B29: A la fecha no se ha dado lugar para accidentes laborales
A30: P
A31: MEJORA ASPECTOS DEL MEDIO AMBIENTE
B32: El suministro de agua y energía es posible debido al punto de agua y energía suministrado por las instalaciones del cliente, sin embrago no se tienen datos evaluables del consumo
A33: P
A34: P | B34: Para el consumo de agua potable se hace la compra de botellones de agua y se cuenta con análisis microbiológico y físicos de agua allegados por el proveedor
A35: P | B35: Se realiza diligenciamiento de control de combustible consumido por los vehículos del proyecto, afín de hacer el calculo de la huella de carbono del proyecto al termino del mismo.
A36: P | B36: Durante la ejecución de labores no se reportan afectaciones a la cobertura vegetal o fauna aledaña al proyecto.
A37: P | B37: Se realiza reutilización de contenedor metálico para el almacenamiento de residuos metálicos generados en el proyecto
A38: P | B38: Durante el periodo informado se genera material aprovechable, el cual se almacena para su disposición con fundación de recicladores puerta de oro.
A39: P | B39: Las afectaciones al medio ambiente por ruido no constituyen un impacto significativo por la ejecución del proyecto
A40: P | B40: Durante la ejecución de actividades inherentes a la obra no se afectan fuentes hídricas aledañas ni cuerpos de agua, pues la ubicación no linda con ninguna de las mencionadas
A41: P | B41: Campaña a nivel nacional de reciclar las embolturas, con esta ayuda buscamos que la fundacion pueda cumplir sus metas de construir casas con ladrillos de papel reciclado.

Sheet Anexos
E1: TITULO DOCUMENTO | M1: Código: | O1: FPC-005-02
E2: HOJA DE INFORMACIÓN FOTOGRÁFICA | M2: Versión: | O2: 4
M3: Fecha de creación: | O3: 40313
M4: Fecha de Modificación: | O4: 42262
M5: Página: | O5: 1 de 1
A7: FECHA: | D7: 44135
A8: PROYECTO O AREA: | D8: Subestaciones Aeropuerto
A10: ASPECTO RELACIONADO: | C10: SEGURIDAD Y SALUD EN EL TRABAJO | G10: X | H10: AMBIENTAL | L10: CALIDAD | N10: SOCIAL
A16: Lugar: | C16: Frente de obra
A17: Fecha de la foto: | C17: 44135
A18: Hora del día: | C18: 0.39583333
A19: Ubicación: | C19: Aeropuerto- subestación AB
A20: Descripción de la foto:
A21: Registro de la documentación del vehículo operativo en el frente de obra - Camioneta amarok volskwagen - Licencia de transito y soat
A31: Lugar: | C31: =C16 -> Frente de obra
A32: Fecha de la foto: | C32: 44135
A33: Hora del día: | C33: =C18 -> 0.39583333
A34: Ubicación: | C34: =C19 -> Aeropuerto- subestación AB
A35: Descripción de la foto:
A36: Registro de la documentación del vehículo operativo en el frente de obra - Camioneta amarok volskwagen - Licencia de transito y soat
A46: ELABORÓ | E46: REVISÓ | J46: Vo Bo.
A47: NOMBRE: | B47: Lorena Gonzalez | E47: NOMBRE: | F47: Roberto Nieto | J47: NOMBRE:
A48: CARGO: | B48: Coordinadora HSEQ | E48: CARGO: | F48: Ingeniero Residente | J48: CARGO:
A49: FIRMA: | E49: FIRMA: | J49: FIRMA:
E51: TITULO DOCUMENTO | M51: Código: | O51: FPC-005-02
E52: HOJA DE INFORMACIÓN FOTOGRÁFICA | M52: Versión: | O52: 4
M53: Fecha de creación: | O53: 40313
M54: Fecha de Modificación: | O54: 42262
M55: Página: | O55: 1 de 1
A57: FECHA: | D57: 44135
A58: PROYECTO O AREA: | D58: Aeronáutica civil, subestación AB
A60: ASPECTO RELACIONADO: | C60: SEGURIDAD Y SALUD EN EL TRABAJO | G60: x | H60: AMBIENTAL | K60: CALIDAD | N60: SOCIAL
A66: Lugar: | C66: Punto de encuentro trabajadores
A67: Fecha de la foto: | C67: 44126
A68: Hora del día: | C68: 0.29027778
A69: Ubicación: | C69: Aeropuerto- subestación AB
A70: Descripción de la foto:
A71: Se realiza seguimiento a los trabajadores sobre control de síntomas asociados a covid 19, para lo cual se utiliza termómetro sin contacto para el seguimiento de la temperatura corporal y se lleva el registro diario de entrada y salida al personal asistente a obra. Para fortalecer las medidas de bioseguridad de acuerdo a la campaña de prevención de covid-19 la toma de temperatura se realiza antes de ingresar al vehículo que nos transporta y se realiza la encuesta de sintomatología.
A81: Lugar: | C81: Contenedor Administrativo
A82: Fecha de la foto: | C82: 44123
A83: Hora del día: | C83: 7:45 a.m -4:40:00 p. m.
A84: Ubicación: | C84: Aeropuerto- subestación AB
A85: Descripción de la foto:
A86: Se realiza inspección , desinfección equipo y herramientas del proyecto, de acuerdo al protocolo de trabajo en estado de emergencia se realizan desinfecciones y limpieza de la herramienta y equipos manipulados.
A96: ELABORÓ | E96: REVISÓ | J96: Vo Bo.
A97: NOMBRE: | B97: Lorena Gonzalez | E97: NOMBRE: | F97: Roberto Nieto | J97: NOMBRE:
A98: CARGO: | B98: Coordinadora HSEQ | E98: CARGO: | F98: Ingeniero Residente | J98: CARGO:
A99: FIRMA: | E99: FIRMA: | J99: FIRMA:
E101: TITULO DOCUMENTO | M101: Código: | O101: FPC-005-02
E102: HOJA DE INFORMACIÓN FOTOGRÁFICA | M102: Versión: | O102: 4
M103: Fecha de creación: | O103: 40313
M104: Fecha de Modificación: | O104: 42262
M105: Página: | O105: 1 de 1
A107: FECHA: | D107: 44135
A108: PROYECTO O AREA: | D108: Subestaciones Aeropuerto
A110: ASPECTO RELACIONADO: | C110: SEGURIDAD Y SALUD EN EL TRABAJO | G110: X | H110: AMBIENTAL | J110: X | L110: CALIDAD | N110: SOCIAL
A116: Lugar: | C116: Contenedor Administrativo-Subestación.
A117: Fecha de la foto: | C117: 44130
A118: Hora del día: | C118: 0.34027778
A119: Ubicación: | C119: Aeropuerto- Subestación AB
A120: Descripción de la foto:
A121: Se realiza Jornada de orden y aseo al container administrativo y en las sub estaciones.
A131: Lugar: | C131: =C116 -> Contenedor Administrativo-Subestación.
A132: Fecha de la foto: | C132: 44126
A133: Hora del día: | C133: 0.69097222
A134: Ubicación: | C134: Aeropuerto - Subestación AB
A135: Descripción de la foto:
A136: Se realizan jornadas de limpieza de manera diaria, desinfección en áreas comunes , vehículos y herramientas
A146: ELABORÓ | E146: REVISÓ | J146: Vo Bo.
A147: NOMBRE: | B147: Lorena Gonzalez | E147: NOMBRE: | F147: Roberto Nieto | J147: NOMBRE:
A148: CARGO: | B148: Coordinadora HSEQ | E148: CARGO: | F148: Ingeniero Residente | J148: CARGO:
A149: FIRMA: | E149: FIRMA: | J149: FIRMA:
E151: TITULO DOCUMENTO | M151: Código: | O151: FPC-005-02
E152: HOJA DE INFORMACIÓN FOTOGRÁFICA | M152: Versión: | O152: 4
M153: Fecha de creación: | O153: 40313
M154: Fecha de Modificación: | O154: 42262
M155: Página: | O155: 1 de 1
A157: FECHA: | D157: 44135
A158: PROYECTO O AREA: | D158: Subestaciones Aeropuerto
A160: ASPECTO RELACIONADO: | C160: SEGURIDAD Y SALUD EN EL TRABAJO | G160: X | H160: AMBIENTAL | L160: CALIDAD | N160: SOCIAL
A166: Lugar: | C166: Subestación nueva torre
A167: Fecha de la foto: | C167: 44125
A168: Hora del día: | C168: 0.45138889
A169: Ubicación: | C169: Aeropuerto - Subestación AB
A170: Descripción de la foto:
A171: Se desenergizo el transformador que se encuentra en la subestación nueva torre y proceder a retirar los cables de conexión con la celda para cambiarla de lugar en la subestación..
A181: Lugar: | C181: Punto de encuentro
A182: Fecha de la foto: | C182: 44126
A183: Hora del día: | C183: 0.125
A184: Ubicación: | C184: Aeropuerto- Subestación AB
A185: Descripción de la foto:
A186: Se realizo el simulacro nacional de autoprotección y evacuación, en el caso del proyecto evacuamos al punto de encuentro debido a que el número de trabajadores es bajo y se podrían mantener los protocolos de bioseguridad (distanciamiento y uso de tapabocas), el evento se realizó el día 22-10-2020.
A196: ELABORÓ | E196: REVISÓ | J196: Vo Bo.
A197: NOMBRE: | B197: Lorena Gonzalez | E197: NOMBRE: | F197: Roberto Nieto | J197: NOMBRE:
A198: CARGO: | B198: Coordinadora HSEQ | E198: CARGO: | F198: Ingeniero Residente | J198: CARGO:
A199: FIRMA: | E199: FIRMA: | J199: FIRMA:
E201: TITULO DOCUMENTO | M201: Código: | O201: FPC-005-02
E202: HOJA DE INFORMACIÓN FOTOGRÁFICA | M202: Versión: | O202: 4
M203: Fecha de creación: | O203: 40313
M204: Fecha de Modificación: | O204: 42262
...
